AoeStats
← 雪风

African Clearing

511011983Analyzed
4v4 RM · 6h ago on Oct 3, 2026· 28m 23s· 8 players
Game mode
Random Map
Map size
Large (8 player)
Population
200
Speed
Normal
Resources
Standard
Victory
Conquest
Starting age
Dark Age
Ending age
Imperial Age
RankedLock teamsTeams togetherTeam positionsShared explorationLock speedFull tech treeHidden civsTurbo modeCheats
Victory
Defeat
🇯🇵 Franks · Japan
1186
+12
🇯🇵 Vietnamese · Japan
1173
+12
🇯🇵 Huns · Japan
1169
+12
🇯🇵 Persians · Japan
1094
+16
🇩🇪 Huns · Germany
1098
-13
🇧🇷 Celts · Brazil
1098
-13
🇨🇳 Poles · China
1085
-13
🇨🇿 Spanish · Czechia
1081
-13
Novaes
4:38 Loom
6:29 Loom
15:25 Feudal Age
2026
5:38 Loom
13:10 Feudal Age
27:23 Castle Age
28:13 Fletching
DESTINNI
6:02 Loom
13:22 Feudal Age
14:36 Double-Bit Axe
24:07 Castle Age
24:56 Town Watch
26:29 Padded Archer Armor
27:04 Fletching
27:44 Leather Archer Armor
27:46 Bow Saw
27:20 Horse Collar
雪风
14:28 Feudal Age
14:56 Double-Bit Axe
17:25 Bloodlines
18:28 Loom
21:06 Forging
21:48 Scale Barding Armor
27:30 Castle Age
25:35 Stone Mining
28:58 Wheelbarrow
28:26 Husbandry
EinBlatt
9:47 Loom
12:50 Feudal Age
13:46 Double-Bit Axe
19:58 Bloodlines
23:06 Castle Age
21:56 Fletching
23:30 Light Cavalry
28:30 Husbandry
sun
10:03 Loom
14:09 Feudal Age
15:26 Double-Bit Axe
22:09 Fletching
29:48 Castle Age
Parsifal
4:26 Loom
14:24 Feudal Age
18:06 Castle Age
17:17 Double-Bit Axe
17:47 Fletching
19:16 Bow Saw
23:02 Wheelbarrow
26:37 Bodkin Arrow
TETSUYU-
11:03 Loom
13:54 Feudal Age
18:36 Castle Age
Connection lost

Rejoining the realm…

Still unreachable

The connection could not be restored.

Session expired

The server has moved on; the page needs a fresh start.